 Dungeon Crawl Stone Soup version 0.21-a0-584-g185da8e (webtiles) character file.

487 mtoz the Chopper (level 6, -2/57 HPs)
             Began as a Minotaur Berserker on Dec 20, 2017.
             Was a Believer of Trog.
             Slain by a phantom (4 damage)
             ... on level 4 of the Dungeon.
             The game lasted 00:10:42 (2656 turns).

mtoz the Chopper (Minotaur Berserker)               Turns: 2656, Time: 00:10:49

Health: -2/57      AC:  8    Str: 23    XL:     6   Next: 89%
Magic:  5/5        EV: 11    Int:  4    God:    Trog [**....]
Gold:   228        SH:  0    Dex: 10    Spells: 5/5 levels left

rFire    . . .     SeeInvis .   r - +0 battleaxe
rCold    . . .     Gourm    .   (shield currently unavailable)
rNeg     . . .     Faith    .   i - +0 scale mail
rPois    .         Spirit   .   (helmet restricted)
rElec    .         Reflect  .   (no cloak)
rCorr    .         Harm     .   j - +0 pair of gloves
MR       ++...                  (no boots)
Stlth    ..........             (no amulet)
HPRegen  1.19/turn              (no ring)
MPRegen  0.09/turn              (no ring)

@: berserk cooldown, regenerating, slowed, very slow
A: retaliatory headbutt, horns 2
a: Berserk, Trog's Hand, Burn Spellbooks, Renounce Religion


You were on level 4 of the Dungeon.
You worshipped Trog.
Trog was pleased with you.
You were near starving.

You visited 1 branch of the dungeon, and saw 4 of its levels.

You collected 228 gold pieces.

Inventory:

Hand Weapons
 a - a +0 hand axe
 d - a +1 whip of freezing
 f - a +0 war axe
 r - a +0 battleaxe (weapon)
Missiles
 m - a throwing net (quivered)
Armour
 b - a +0 animal skin
 i - a +0 scale mail (worn)
 j - a +0 pair of gloves (worn)
Scrolls
 e - 7 scrolls of identify {unknown}
 h - a scroll of noise {unknown}
 k - a scroll of enchant armour {unknown}
 l - 3 scrolls of remove curse
 n - 2 scrolls of teleportation {unknown}
 p - a scroll of random uselessness {unknown}
 s - 2 scrolls of amnesia {unknown}
Potions
 o - a potion of cancellation {unknown}
 q - 2 potions of flight {unknown}
Comestibles
 c - 7 rations


   Skills:
 + Level 5.6 Fighting
 + Level 7.1 Axes
 + Level 3.2 Armour
 + Level 3.7 Dodging
 + Level 0.9 Stealth


You had 5 spell levels left.
You didn't know any spells.

Dungeon Overview and Level Annotations

Branches:
Dungeon (4/15)
 Temple: D:4-7

Altars:
Qazlal


Innate Abilities, Weirdness & Mutations

You reflexively headbutt those who attack you in melee.
You have a pair of horns on your head.


Message History

The phantom blinks!
You slash the jackal!
You kill the jackal!
Trog accepts your kill.
Your skin crawls.
You feel resistant to hostile enchantments.
You are near starving!
The dart slug barely misses you. 2 orcs come into view.
You feel the effects of Trog's Hand fading.
The orc shouts! x2
An orc and an orc priest come into view.
As you read the scroll labeled JABRAI DUADD, it crumbles to dust.
You feel blessed for a moment.
It was a scroll of remove curse.
The orc priest shouts!
The orc priest invokes the aid of Beogh against you.
Beogh smites you!
* * * LOW HITPOINT WARNING * * *
The phantom blinks!
The orc moves out of view.
The phantom hits you.
You die... ##.###### oo..oo.W#

#@# #.# #.# #w#
#†# # #.# .. #!#
... ########.##
....
#......<.)#...)#


You could see a phantom, an orc priest, a dart slug and 3 orcs.

Vanquished Creatures
  Grinder (D:3)
  A water moccasin (D:4)
  An orc priest (D:4)
  An orc wizard (D:4)
  Jessica (D:3)
  2 adders
  An ooze (D:1)
  3 worms
  5 dart slugs
  A leopard gecko (D:1)
  7 orcs
  7 goblins
  4 hobgoblins
  12 jackals
  A quokka (D:3)
  A ball python (D:2)
  8 bats
  5 frilled lizards
  8 kobolds
  5 rats
75 creatures vanquished.

Notes
Turn   | Place    | Note
-------+----------+-------------------------------------------
     0 | D:1      | mtoz the Minotaur Berserker began the quest for the Orb.
     0 | D:1      | Reached XP level 1. HP: 19/19 MP: 0/0
     2 | D:1      | Noticed a felid
     2 | D:1      | Noticed a troll
     4 | D:1      | Noticed a spriggan
     6 | D:1      | Noticed a draconian
     6 | D:1      | Noticed an octopode
     8 | D:1      | Noticed an elf
     8 | D:1      | Noticed a gargoyle
    10 | D:1      | Noticed a formicid
    12 | D:1      | Noticed a vine stalker
    12 | D:1      | Noticed a halfling
    14 | D:1      | Noticed a vampire
    14 | D:1      | Noticed a ghoul
    16 | D:1      | Noticed a human
    18 | D:1      | Noticed a tengu
    18 | D:1      | Noticed a merfolk
    20 | D:1      | Noticed a naga
    20 | D:1      | Noticed a dwarf
    22 | D:1      | Noticed an ogre
    22 | D:1      | Noticed a centaur
    24 | D:1      | Noticed a demonspawn
    26 | D:1      | Noticed a demigod
    26 | D:1      | Noticed a minotaur
   387 | D:1      | Reached XP level 2. HP: 23/27 MP: 1/1
   466 | D:1      | Reached skill level 4 in Axes
   860 | D:1      | Reached XP level 3. HP: 30/33 MP: 2/2
  1306 | D:2      | Reached ** piety under Trog
  1755 | D:2      | You fall through a shaft!
  1775 | D:3      | Noticed Grinder
  1793 | D:3      | Killed Grinder
  1793 | D:3      | Reached skill level 5 in Fighting
  1793 | D:3      | Reached skill level 5 in Axes
  1793 | D:3      | Reached XP level 4. HP: 42/42 MP: 3/3
  1793 | D:3      | Reached XP level 5. HP: 48/48 MP: 4/4
  1840 | D:3      | Found a stormy altar of Qazlal.
  1967 | D:3      | Noticed Jessica
  1972 | D:3      | Killed Jessica
  1972 | D:3      | Reached skill level 6 in Axes
  1972 | D:3      | Reached XP level 6. HP: 53/56 MP: 5/5
  2616 | D:4      | Noticed a water moccasin
  2633 | D:4      | Killed a water moccasin
  2637 | D:4      | Reached skill level 7 in Axes
  2656 | D:4      | HP: 2/57 [orc priest/divine providence (14)]
  2656 | D:4      | Slain by a phantom

Vault maps used:
D:1:      kb_arrival_jail, minmay_liquid_box
D:3:      lemuel_doored_altar, minmay_goblin_kobold_house, uniq_grinder,
          uniq_jessica
D:4:      nicolae_ashenzari_panopticon, first_ration

Skill      XL: |  1  2  3  4  5  6 |
---------------+-------------------+-----
Fighting       | 4 5 |  5.6
Axes           | 4 5 6 7 |  7.1
Dodging        | 3 |  3.7
Armour         | 3 |  3.2
Stealth        | |  0.9

Action                   |  1- 3 |  4- 6 || total
-------------------------+-------+-------++-------
Melee: Hand axe          |    88 |       ||    88
       Headbutt          |    14 |    12 ||    26
       War axe           |       |    18 ||    18
       Battleaxe         |       |    35 ||    35
Invok: Trog's Hand       |     1 |     2 ||     3
       Berserk           |     1 |     1 ||     2
  Use: Potion            |     3 |       ||     3
       Scroll            |       |     1 ||     1
  Eat: Chunk             |     3 |     4 ||     7
Armor: Animal skin       |    14 |       ||    14
       Scale mail        |       |    24 ||    24
Dodge: Dodged            |    61 |    49 ||   110

Table legend:
 A = Spawn XP
 B = Non-spawn XP
 C = Spawn XP percentage of total XP
 D = Spawn monster count
 E = Non-spawn monster count
 F = Spawn count percentage of total count
 G = Total turns spent on level
                    A         B        C        D         E        F      G
               +---------+---------+-------+---------+---------+-------+---------
         Total |       0 |     696 |   0.0 |       0 |      75 |   0.0 |  2656
               +---------+---------+-------+---------+---------+-------+---------
           D:1 |       0 |      51 |   0.0 |       0 |      24 |   0.0 |  1148
           D:2 |       0 |      42 |   0.0 |       0 |      17 |   0.0 |   607
           D:3 |       0 |     361 |   0.0 |       0 |      25 |   0.0 |   861
           D:4 |       0 |     242 |   0.0 |       0 |       9 |   0.0 |    40
               +---------+---------+-------+---------+---------+-------+---------
